 Dungeon Crawl Stone Soup version 0.23.2-33-g5129a83184 (webtiles) character file.

Game seed: 15801459883641300990

210 Morrissey the Sneak (level 5, -13/24 HPs)
             Began as a Spriggan Enchanter on July 14, 2019.
             Killed by divine providence
             ... invoked by an orc priest
              (16 damage)
             ... on level 4 of the Dungeon.
             The game lasted 00:10:06 (4236 turns).

Morrissey the Sneak (Spriggan Enchanter)            Turns: 4236, Time: 00:10:06

Health: -13/24     AC:  4    Str:  4    XL:     5   Next: 56%
Magic:  11/11      EV: 18    Int: 17    God:
Gold:   153        SH:  0    Dex: 23    Spells: 5/11 levels left

rFire    . . .     SeeInvis +   a - +1 dagger
rCold    . . .     Gourm    .   (shield restricted)
rNeg     . . .     Faith    .   w - +0 robe
rPois    .         Spirit   .   f - +2 hat
rElec    .         Reflect  .   (no cloak)
rCorr    .         Harm     .   (gloves unavailable)
MR       .....                  (boots unavailable)
Stlth    +++.......             (no amulet)
HPRegen  0.08/turn              m - +6 ring of dexterity
MPRegen  0.12/turn              e - ring of see invisible (curse)

@: heavily drained, very quick
A: very small, unfitting armour, see invisible, herbivore, speed 3, slow
metabolism 2
a: no special abilities


You were on level 4 of the Dungeon.
You were hungry.

You visited 1 branch of the dungeon, and saw 4 of its levels.

You collected 153 gold pieces.

Inventory:

Hand Weapons
 a - a +1 dagger (weapon)
 b - a +0 hunting sling
 x - a +0 rapier
Missiles
 y - 140 stones (quivered)
Armour
 f - a +2 hat (worn)
 w - a +0 robe (worn)
Jewellery
 c - a +4 ring of strength
 e - a cursed ring of see invisible (right hand)
 m - a +6 ring of dexterity (left hand)
 u - an uncursed amulet of harm
Wands
 p - a wand of random effects (21)
 r - a wand of polymorph (9)
Scrolls
 g - 2 scrolls of remove curse {unknown}
 i - a scroll of magic mapping {unknown}
 j - 2 scrolls of amnesia {unknown}
 k - 2 scrolls of enchant armour {unknown}
 l - 2 scrolls of fog {unknown}
 n - a scroll of fear {unknown}
 o - a scroll of noise {unknown}
 q - 2 scrolls of teleportation {unknown}
 t - 2 scrolls of identify {unknown}
Potions
 h - a potion of resistance {unknown}
 s - 2 potions of heal wounds {unknown}
 v - a potion of cancellation {unknown}
 z - a potion of curing {unknown}
 A - a potion of degeneration {unknown}
 B - 2 potions of mutation {unknown}
 C - a potion of flight {unknown}
Comestibles
 d - 3 rations


   Skills:
 + Level 2.4(1.1) Short Blades
 + Level 4.0(2.7) Dodging
 + Level 6.3(4.9) Stealth
 + Level 3.7(2.4) Spellcasting
 * Level 5.1(3.8) Hexes


You had 5 spell levels left.
You knew the following spells:

 Your Spells              Type           Power        Failure   Level  Hunger
a - Corona                Hex            ###....      3%          1    #......
b - Ensorcelled Hibernat  Hex/Ice        #.....       13%         2    ##.....
c - Confuse               Hex            ###.....     12%         3    ###....

Your spell library contained the following spells:

 Spells                   Type           Power        Failure   Level  Hunger
 Tukima's Dance           Hex            ###.....     12%         3    ###....
 Dazzling Spray           Conj/Hex       #.....       26%         3    ###....


Dungeon Overview and Level Annotations

Branches:
Dungeon (4/15)
 Temple: D:4-7

Altars:
Xom


Innate Abilities, Weirdness & Mutations

You are very small and have problems with some larger weapons.
You are too small for most types of armour.
You have supernaturally acute eyesight. (SInv)
You are a herbivore.
You cover ground extremely quickly.
You need to consume almost no food.


Message History

The gnoll shouts!
You climb upwards.
There is a stone staircase leading down here.
There is an open door here.
You see here a pair of boots.
There is an open door here.
There is a stone staircase leading down here.
You climb downwards.
The orc shouts!
The orc closely misses you.
The orc priest mumbles some strange prayers to Beogh against you.
Beogh smites you!
Ouch! That really hurt!
* * * LOW HITPOINT WARNING * * *
The orc misses you.
There is a stone staircase leading up here.
The orc priest calls down the wrath of Beogh upon you.
Beogh smites you!
Ouch! That really hurt!
You die...

##>.# .#.# ## ....
#. .g... .g#.#
######.g...### #
.......##....# ..
#<...#..######.#
####o...o.<@...###
###./..o......#
.......).####..#
<#######.# . ...
#... .#... . ....
##..)


You could see an orc priest and 2 orcs.

Vanquished Creatures
  An orc priest (D:4)
  Ijyb (D:3)
  Terence (D:3)
  Robin (D:3)
  A gnoll (D:1)
  4 adders (D:2)
  An ooze (D:3)
  A worm (D:2)
  A dart slug (D:1)
  A leopard gecko (D:1)
  5 orcs
  2 giant cockroaches (D:2)
  6 goblins
  6 hobgoblins
  8 kobolds
  3 quokkas
  7 bats
  A frilled lizard (D:2)
  7 rats
58 creatures vanquished.

Vanquished Creatures (others)
  4 toadstools (D:1)
4 creatures vanquished.

Grand Total: 62 creatures vanquished

Notes
Turn   | Place    | Note
-------+----------+-------------------------------------------
     0 | D:1      | Morrissey the Spriggan Enchanter began the quest for the
                  | Orb.
     0 | D:1      | Reached XP level 1. HP: 9/9 MP: 5/5
   365 | D:2      | Reached XP level 2. HP: 13/13 MP: 6/6
   371 | D:2      | Learned a level 2 spell: Ensorcelled Hibernation
   391 | D:1      | Reached skill level 5 in Stealth
   457 | D:1      | Reached XP level 3. HP: 16/16 MP: 8/8
  1347 | D:2      | Noticed a phantom
  1401 | D:3      | Learned a level 3 spell: Confuse
  1458 | D:2      | Reached XP level 4. HP: 21/21 MP: 9/9
  1661 | D:2      | Found a shimmering altar of Xom.
  2262 | D:3      | Noticed Terence
  2269 | D:3      | Killed Terence
  2297 | D:3      | Noticed Ijyb
  2300 | D:3      | Killed Ijyb
  2300 | D:3      | Reached skill level 6 in Stealth
  2300 | D:3      | Reached XP level 5. HP: 24/24 MP: 11/11
  2634 | D:3      | Noticed a centaur
  2634 | D:3      | an orc priest changed into a centaur
  2635 | D:3      | a centaur changed into an ooze
  2970 | D:3      | Noticed Robin
  3196 | D:3      | Killed Robin
  3196 | D:3      | Reached skill level 5 in Hexes
  4236 | D:4      | Killed from afar by an orc priest

Skill      XL: |  1  2  3  4  5 |
---------------+----------------+-----
Spellcasting   | 3 |  3.7
Hexes          | 4 5 |  5.1
Stealth        | 5 6 |  6.3
Short Blades   | 2 |  2.4
Dodging        | 4 |  4.0

Action                   |  1- 3 |  4- 6 || total
-------------------------+-------+-------++-------
Melee: Dagger            |   106 |   162 ||   268
 Cast: Corona            |     5 |     6 ||    11
       Ensorcelled Hiber |     4 |    15 ||    19
       Confuse           |       |     2 ||     2
Evoke: Wand              |       |     2 ||     2
 Stab: Sleeping          |    20 |    11 ||    31
       Confused          |       |     2 ||     2
  Eat: Ration            |       |     1 ||     1
Armor: Robe              |     8 |    21 ||    29
Dodge: Dodged            |    68 |   129 ||   197
